[Event "DVM U12W 2021"]
[Site "Willingen"]
[Date "2022.08.13"]
[Round "1"]
[White "Wagner, Cosima Thien-An"]
[Black "Schuelke, Rosalie"]
[Result "1/2-1/2"]
[ECO "C01"]
[WhiteElo "1301"]
[BlackElo "1297"]
[Annotator "NA RC COMBH"]
[PlyCount "79"]
[EventDate "2022.08.12"]
[EventType "team-tourn"]
[EventRounds "7"]
[EventCountry "GER"]
[SourceTitle "playchess.com"]
[Source "ChessBase"]
[SourceQuality "1"]
[TimeControl "40/5400+30:1800+30"]

1. e4 e6 2. d4 d5 3. exd5 exd5 4. Be3 Nf6 5. h3 Bd6 6. Nc3 Bf5 7. Bd3 Bg6 8. Qd2 O-O 9. O-O-O c6 10. Nf3 Nbd7 11. Nh4 b5 12. Nxg6 hxg6 13. h4 a5 14. Rdg1 a4 15. g4 b4 16. Nb1 Ne4 17. Bxe4 dxe4 18. h5 Nb6 19. h6 Nc4 20. Qe2 Nxe3 21. Qxe3 Qf6 22. g5 Qf4 23. Qxf4 Bxf4+ 24. Kd1 gxh6 25. Rxh6 Kg7 26. Rh4 Bd6 27. Rxe4 Rad8 28. c3 Rh8 29. Reg4 Rh2 30. R4g2 Rh3 31. Kc2 Bf4 32. Nd2 Bxd2 33. Kxd2 bxc3+ 34. bxc3 c5 35. Rg3 Rxg3 36. Rxg3 cxd4 37. Rd3 dxc3+ 38. Kxc3 Rc8+ 39. Kb2 Rc4 40. Rf3 1/2-1/2

[Event "DVM U12W 2021"]
[Site "Willingen"]
[Date "2022.08.13"]
[Round "1"]
[White "Goeb, Franziska"]
[Black "Prokscha, Charlotte"]
[Result "1/2-1/2"]
[ECO "B40"]
[WhiteElo "1285"]
[BlackElo "1241"]
[Annotator "NA RC COMBH"]
[PlyCount "47"]
[EventDate "2022.08.12"]
[EventType "team-tourn"]
[EventRounds "7"]
[EventCountry "GER"]
[SourceTitle "playchess.com"]
[Source "ChessBase"]
[SourceQuality "1"]
[TimeControl "40/5400+30:1800+30"]

1. e4 c5 2. Nf3 e6 3. c4 d5 4. cxd5 exd5 5. exd5 Qxd5 6. Nc3 Qd8 7. Bb5+ Bd7 8. Qe2+ Qe7 9. Qxe7+ Bxe7 10. O-O Nf6 11. Re1 Bxb5 12. Nxb5 Kd8 13. d4 a6 14. Nc3 Nc6 15. dxc5 Bxc5 16. Be3 Bxe3 17. Rxe3 h6 18. Rd1+ Kc7 19. Ne5 Nxe5 20. Rxe5 Rhe8 21. Rc5+ Kb6 22. Na4+ Ka7 23. h3 Rad8 24. Rxd8 1/2-1/2

[Event "DVM U12W 2021"]
[Site "Willingen"]
[Date "2022.08.13"]
[Round "1"]
[White "Leicher, Anna"]
[Black "Marrufo, Emilia"]
[Result "*"]
[ECO "C47"]
[WhiteElo "1252"]
[BlackElo "970"]
[Annotator "NA RC COMBH"]
[PlyCount "51"]
[EventDate "2022.08.12"]
[EventType "team-tourn"]
[EventRounds "7"]
[EventCountry "GER"]
[SourceTitle "playchess.com"]
[Source "ChessBase"]
[SourceQuality "1"]
[TimeControl "40/5400+30:1800+30"]

1. e4 e5 2. Nf3 Nc6 3. d4 d6 4. dxe5 Nxe5 5. Nxe5 dxe5 6. Qxd8+ Kxd8 7. Nc3 Nf6 8. Bd3 h6 9. O-O a6 10. b3 Bc5 11. Be3 Bb4 12. Nd5 Nxd5 13. exd5 Bc3 14. Rad1 g5 15. Be2 f5 16. d6 Bd7 17. dxc7+ Kxc7 18. a3 f4 19. Rd3 Bb2 20. Bc5 Bb5 21. c4 Bc6 22. Rfd1 e4 23. Bd6+ Kd7 24. R3d2 Bc3 25. Rc2 Ba5 {[%emt 0:01:29] 4.47} 26. Bb4+ *

[Event "DVM U12W 2021"]
[Site "Willingen"]
[Date "2022.08.13"]
[Round "1"]
[White "Schube, Theresa"]
[Black "Ramakrishnan, Veda"]
[Result "0-1"]
[ECO "B13"]
[WhiteElo "1162"]
[BlackElo "1333"]
[Annotator "NA RC COMBH"]
[PlyCount "98"]
[EventDate "2022.08.12"]
[EventType "team-tourn"]
[EventRounds "7"]
[EventCountry "GER"]
[SourceTitle "playchess.com"]
[Source "ChessBase"]
[SourceQuality "1"]
[TimeControl "40/5400+30:1800+30"]

1. e4 c6 2. d4 d5 3. exd5 cxd5 4. Nc3 Nf6 5. Nf3 Bg4 6. h3 Bh5 7. Be2 e6 8. Ne5 Bxe2 9. Qxe2 Nbd7 10. f4 Be7 11. g4 Nxe5 12. fxe5 Nd7 13. Be3 Bg5 14. Qf3 Bxe3 15. Qxe3 Qh4+ 16. Qf2 Qxf2+ 17. Kxf2 Nb6 18. Nb5 Ke7 19. Nd6 Rab8 20. Ke2 Nc8 21. Nxc8+ Rbxc8 22. c3 Rc6 23. Rh2 Rb6 24. Kd3 Rf8 25. Rf2 f6 26. Raf1 Ra6 27. a3 Rc6 28. Ke3 Rcc8 29. Kf4 Rf7 30. exf6+ Rxf6+ 31. Ke5 Rcf8 32. Rf4 Rxf4 33. Rxf4 Rxf4 34. Kxf4 Kd6 35. h4 b6 36. h5 h6 37. g5 hxg5+ 38. Kxg5 Ke7 39. Kg6 Kf8 40. a4 a6 41. b4 b5 42. a5 Kg8 43. h6 gxh6 44. Kxh6 Kf7 45. Kh7 Kf6 46. Kg8 e5 47. dxe5+ Kxe5 48. Kf7 d4 49. c4 d3 0-1

[Event "DVM U12W 2021"]
[Site "Willingen"]
[Date "2022.08.13"]
[Round "1"]
[White "Mehner, Clara"]
[Black "Kopylov, Diana"]
[Result "1-0"]
[ECO "B76"]
[WhiteElo "1150"]
[BlackElo "1108"]
[Annotator "NA RC COMBH"]
[PlyCount "79"]
[EventDate "2022.08.12"]
[EventType "team-tourn"]
[EventRounds "7"]
[EventCountry "GER"]
[SourceTitle "playchess.com"]
[Source "ChessBase"]
[SourceQuality "1"]
[TimeControl "40/5400+30:1800+30"]

1. e4 c5 2. Nf3 d6 3. d4 cxd4 4. Nxd4 Nf6 5. Nc3 g6 6. Be3 Bg7 7. f3 O-O 8. Qd2 Nc6 9. O-O-O Nd7 10. g4 Nde5 11. Qg2 Qb6 12. Nf5 Qa5 13. Nxg7 Kxg7 14. Rd5 Qc7 15. h4 Be6 16. Rd1 a6 17. h5 Rh8 18. Nd5 Qa5 19. a3 Bxd5 20. exd5 Na7 21. f4 Nd7 22. Qe4 Nb6 23. Qxe7 Nxd5 24. Bd4+ Kg8 25. Qxb7 Re8 26. Qxa7 Nxf4 27. Bc4 Rf8 28. Qe7 Qd8 29. Rde1 d5 30. Bxh8 Kxh8 31. Qxd8 Rxd8 32. Bxa6 Ne6 33. hxg6 Ng5 34. gxf7 Nxf7 35. Re7 Ng5 36. Bd3 Rf8 37. Bxh7 Rf2 38. Re8+ Kg7 39. Rg8+ Kf6 40. Rg6+ 1-0

[Event "DVM U12W 2021"]
[Site "Willingen"]
[Date "2022.08.13"]
[Round "1"]
[White "Greive, Greta"]
[Black "Peglau, Lorena"]
[Result "0-1"]
[ECO "B18"]
[WhiteElo "1136"]
[BlackElo "1207"]
[Annotator "NA RC COMBH"]
[PlyCount "60"]
[EventDate "2022.08.12"]
[EventType "team-tourn"]
[EventRounds "7"]
[EventCountry "GER"]
[SourceTitle "playchess.com"]
[Source "ChessBase"]
[SourceQuality "1"]
[TimeControl "40/5400+30:1800+30"]

1. e4 c6 2. Nc3 d5 3. d4 dxe4 4. Nxe4 Bf5 5. Nc3 e6 6. Nf3 c5 7. Be3 cxd4 8. Nxd4 Bg6 9. Bb5+ Nd7 10. O-O Ngf6 11. Qf3 Rb8 12. Rac1 a6 13. Ba4 Be7 14. Bf4 Bh5 15. g4 Bxg4 16. Qg2 Ra8 17. Qxb7 O-O 18. Nc6 Qe8 19. Ne5 Nc5 20. Bxe8 Nxb7 21. Bc6 Ra7 22. Be3 Bc5 23. Bf4 Rd8 24. Ba4 Rd4 25. Nc6 Rxf4 26. Nxa7 Bxa7 27. Bc6 Na5 28. Kh1 Nxc6 29. Rfe1 Bxf2 30. Rf1 Bf3# 0-1

[Event "DVM U12W 2021"]
[Site "Willingen"]
[Date "2022.08.13"]
[Round "1"]
[White "Henzel, Leonie"]
[Black "Reetz, Shaila"]
[Result "1-0"]
[ECO "D02"]
[WhiteElo "1134"]
[BlackElo "837"]
[Annotator "NA RC COMBH"]
[PlyCount "75"]
[EventDate "2022.08.12"]
[EventType "team-tourn"]
[EventRounds "7"]
[EventCountry "GER"]
[SourceTitle "playchess.com"]
[Source "ChessBase"]
[SourceQuality "1"]
[TimeControl "40/5400+30:1800+30"]

1. d4 d5 2. Nf3 Nf6 3. g3 g6 4. Bg2 Bg7 5. O-O O-O 6. b3 Bf5 7. Bb2 e6 8. a4 b6 9. Ne5 Nbd7 10. Nc6 Qe8 11. Ba3 Be4 12. Bxf8 Nxf8 13. Ne5 Bxg2 14. Kxg2 c5 15. c3 N6d7 16. Nxd7 Qxd7 17. e3 e5 18. dxe5 Ne6 19. f4 d4 20. cxd4 cxd4 21. exd4 Nxd4 22. Ra2 Qd5+ 23. Kf2 Bf8 24. Rd2 Bc5 25. Rd3 Nxb3+ 26. Ke1 Qe4+ 27. Qe2 Qb4+ 28. Kd1 Qxa4 29. Qc2 Rc8 30. Qxb3 Qa1 31. Ke2 Qa6 32. Rfd1 Rd8 33. Ke1 Qa5+ 34. Nc3 b5 35. Rxd8+ Kg7 36. R1d7 b4 37. Qxf7+ Kh6 38. Qxh7# 1-0

[Event "DVM U12W 2021"]
[Site "Willingen"]
[Date "2022.08.13"]
[Round "1"]
[White "Abram, Kristina-Maria"]
[Black "Müller, Cosima"]
[Result "0-1"]
[ECO "A01"]
[WhiteElo "1128"]
[BlackElo "1355"]
[Annotator "NA RC COMBH"]
[PlyCount "100"]
[EventDate "2022.08.12"]
[EventType "team-tourn"]
[EventRounds "7"]
[EventCountry "GER"]
[SourceTitle "playchess.com"]
[Source "ChessBase"]
[SourceQuality "1"]
[TimeControl "40/5400+30:1800+30"]

1. b3 e5 2. Bb2 Nc6 3. e3 g6 4. Bb5 Bg7 5. Bxc6 bxc6 6. Nf3 d6 7. d3 Nf6 8. O-O O-O 9. Re1 Bg4 10. Nbd2 Re8 11. e4 Nd7 12. h3 Bxf3 13. Nxf3 d5 14. exd5 cxd5 15. d4 e4 16. Nd2 c5 17. c4 cxd4 18. cxd5 Nc5 19. Ba3 Qxd5 20. Bxc5 Qxc5 21. Nxe4 Qd5 22. Qf3 Kh8 23. Rad1 Re7 24. Nd2 Rxe1+ 25. Rxe1 Qxf3 26. Nxf3 Kg8 27. Rd1 Rd8 28. a4 f5 29. a5 Rb8 30. Rd3 Rb5 31. Nxd4 Rd5 32. b4 Rxd4 33. Rxd4 Bxd4 34. b5 Kf7 35. b6 axb6 36. axb6 Bxb6 37. Kf1 h5 38. f3 g5 39. Ke2 Ke6 40. g4 fxg4 41. fxg4 hxg4 42. hxg4 Ke5 43. Kf3 Kd4 44. Kg2 Ke4 45. Kh2 Kf3 46. Kh3 Bd8 47. Kh2 Kxg4 48. Kg2 Be7 49. Kf2 Kh3 50. Kg1 Kg3 0-1

[Event "DVM U12W 2021"]
[Site "Willingen"]
[Date "2022.08.13"]
[Round "1"]
[White "Belkina, Elisabeth"]
[Black "Hefele, Stefanie"]
[Result "*"]
[ECO "D06"]
[WhiteElo "1126"]
[BlackElo "1180"]
[Annotator "NA RC COMBH"]
[PlyCount "34"]
[EventDate "2022.08.12"]
[EventType "team-tourn"]
[EventRounds "7"]
[EventCountry "GER"]
[SourceTitle "playchess.com"]
[Source "ChessBase"]
[SourceQuality "1"]
[TimeControl "40/5400+30:1800+30"]

1. d4 d5 2. Nf3 Nc6 3. Bf4 Bf5 4. e3 e6 5. c4 Bb4+ 6. Nc3 Nf6 7. Bd3 dxc4 8. Bxf5 exf5 9. O-O O-O 10. Qc2 Bxc3 11. bxc3 Qd7 12. Be5 Ng4 13. Bf4 h6 14. Bg3 g5 15. h4 gxh4 16. Nxh4 Ne7 17. Rab1 {[%emt 0:01:07] 0.61} Rab8 *

[Event "DVM U12W 2021"]
[Site "Willingen"]
[Date "2022.08.13"]
[Round "1"]
[White "Gerlach, Lorena"]
[Black "Mersmann, Jasmin"]
[Result "0-1"]
[ECO "D77"]
[WhiteElo "1120"]
[BlackElo "1232"]
[Annotator "NA RC COMBH"]
[PlyCount "94"]
[EventDate "2022.08.12"]
[EventType "team-tourn"]
[EventRounds "7"]
[EventCountry "GER"]
[SourceTitle "playchess.com"]
[Source "ChessBase"]
[SourceQuality "1"]
[TimeControl "40/5400+30:1800+30"]

1. d4 d5 2. Nf3 Nc6 3. g3 Nf6 4. Bg2 g6 5. O-O Bg7 6. c4 O-O 7. Nc3 Re8 8. Qb3 Na5 9. Qb5 Nxc4 10. Ne5 Nb6 11. Bg5 c6 12. Qb4 Bf5 13. Rfe1 Nfd7 14. Nxd7 Qxd7 15. e4 Be6 16. e5 Nc4 17. b3 a5 18. Qxe7 Rxe7 19. Bxe7 Qxe7 20. bxc4 dxc4 21. Ne4 Bd5 22. Nd6 b5 23. Bxd5 cxd5 24. Nxb5 Qb4 25. Rab1 Qa4 26. Nc3 Qa3 27. Nxd5 Qxa2 28. Ra1 Qd2 29. Red1 Qe2 30. Rac1 a4 31. Nf4 Qf3 32. Re1 c3 33. Re3 Qb7 34. Rcxc3 Rc8 35. Rxc8+ Qxc8 36. h4 Qc1+ 37. Kg2 a3 38. Nd3 Qb1 39. d5 a2 40. d6 a1=Q 41. Re1 Qa8+ 42. Kh3 Qxd3 43. Kh2 Qdf3 44. Rg1 Qxf2+ 45. Kh3 Qc8+ 46. g4 Qc3+ 47. Rg3 Qcxg3# 0-1

[Event "DVM U12W 2021"]
[Site "Willingen"]
[Date "2022.08.13"]
[Round "1"]
[White "Glotz, Diana"]
[Black "Fomenkova, Elina"]
[Result "*"]
[ECO "A25"]
[WhiteElo "1116"]
[BlackElo "1049"]
[Annotator "NA RC COMBH"]
[PlyCount "40"]
[EventDate "2022.08.12"]
[EventType "team-tourn"]
[EventRounds "7"]
[EventCountry "GER"]
[SourceTitle "playchess.com"]
[Source "ChessBase"]
[SourceQuality "1"]
[TimeControl "40/5400+30:1800+30"]

1. c4 e5 2. Nc3 Nc6 3. g3 f5 4. Bg2 Nf6 5. d3 Bb4 6. Bd2 O-O 7. e3 d6 8. Nge2 Qe8 9. Qc2 Kh8 10. O-O Bxc3 11. Nxc3 Qh5 12. Qd1 Qh6 13. Nd5 f4 14. exf4 Ng4 15. h3 Nf6 16. fxe5 g5 17. exf6 Bxh3 18. Bxg5 Qxg5 19. Bxh3 Ne5 20. Nxc7 Qh6 *

[Event "DVM U12W 2021"]
[Site "Willingen"]
[Date "2022.08.13"]
[Round "1"]
[White "Berger, Jennifer"]
[Black "Brandt, Clara"]
[Result "1-0"]
[ECO "C02"]
[WhiteElo "1050"]
[BlackElo "1161"]
[Annotator "NA RC COMBH"]
[PlyCount "43"]
[EventDate "2022.08.12"]
[EventType "team-tourn"]
[EventRounds "7"]
[EventCountry "GER"]
[SourceTitle "playchess.com"]
[Source "ChessBase"]
[SourceQuality "1"]
[TimeControl "40/5400+30:1800+30"]

1. e4 e6 2. d4 d5 3. e5 c5 4. Nf3 Nc6 5. Be3 cxd4 6. Bxd4 Nxd4 7. Qxd4 Qc7 8. Bb5+ Bd7 9. Bxd7+ Qxd7 10. O-O Ne7 11. Re1 Nf5 12. Qg4 Rc8 13. Nc3 d4 14. Rad1 Rc4 15. Re4 Bc5 16. Ne2 h5 17. Qf4 Rxc2 18. Nexd4 Rxb2 19. Qc1 Bxd4 20. Nxd4 Rxa2 21. Nxf5 Qc6 22. Red4 1-0

[Event "DVM U12W 2021"]
[Site "Willingen"]
[Date "2022.08.13"]
[Round "1"]
[White "Fruth, Julia"]
[Black "Engeln, Helene"]
[Result "1-0"]
[ECO "C53"]
[WhiteElo "1037"]
[BlackElo "956"]
[Annotator "NA RC COMBH"]
[PlyCount "43"]
[EventDate "2022.08.12"]
[EventType "team-tourn"]
[EventRounds "7"]
[EventCountry "GER"]
[SourceTitle "playchess.com"]
[Source "ChessBase"]
[SourceQuality "1"]
[TimeControl "40/5400+30:1800+30"]

1. e4 e5 2. Nf3 Nc6 3. d4 exd4 4. Bc4 Bc5 5. c3 Qe7 6. Qe2 Nf6 7. Nbd2 O-O 8. O-O Ne5 9. Nxe5 Qxe5 10. Re1 Bd6 11. Nf3 Qh5 12. e5 Re8 13. cxd4 Bb4 14. Bd2 Bxd2 15. Qxd2 Ng4 16. h3 Nh6 17. Ng5 d6 18. exd6 Rxe1+ 19. Rxe1 Be6 20. Nxe6 fxe6 21. Bxe6+ Nf7 22. dxc7 1-0

[Event "DVM U12W 2021"]
[Site "Willingen"]
[Date "2022.08.13"]
[Round "1"]
[White "Yan, Jenny"]
[Black "Eger, Nora"]
[Result "0-1"]
[ECO "E72"]
[WhiteElo "984"]
[BlackElo "1248"]
[Annotator "NA RC COMBH"]
[PlyCount "64"]
[EventDate "2022.08.12"]
[EventType "team-tourn"]
[EventRounds "7"]
[EventCountry "GER"]
[SourceTitle "playchess.com"]
[Source "ChessBase"]
[SourceQuality "1"]
[TimeControl "40/5400+30:1800+30"]

1. d4 Nf6 2. c4 d6 3. Nc3 g6 4. g3 Bg7 5. Bg2 O-O 6. e4 e5 7. d5 Nbd7 8. Nge2 Nb6 9. b3 Bg4 10. O-O Qc8 11. Bb2 Bh3 12. Qd2 Bxg2 13. Kxg2 Nbd7 14. Rh1 Nc5 15. Qc2 Qd8 16. Raf1 Ng4 17. h3 Nf6 18. f4 Qe7 19. f5 Nh5 20. fxg6 fxg6 21. Rxf8+ Rxf8 22. Rf1 Rxf1 23. Kxf1 Qg5 24. Kg2 Nf4+ 25. Nxf4 exf4 26. Qf2 Nd3 27. h4 Qg4 28. Qd2 Qxg3+ 29. Kf1 Qf3+ 30. Kg1 Bd4+ 31. Kh2 Qg3+ 32. Kh1 Qg1# 0-1

[Event "DVM U12W 2021"]
[Site "Willingen"]
[Date "2022.08.13"]
[Round "1"]
[White "Xiao, Karoline"]
[Black "Shynkar, Darya"]
[Result "0-1"]
[ECO "B13"]
[WhiteElo "965"]
[BlackElo "1001"]
[Annotator "NA RC COMBH"]
[PlyCount "74"]
[EventDate "2022.08.12"]
[EventType "team-tourn"]
[EventRounds "7"]
[EventCountry "GER"]
[SourceTitle "playchess.com"]
[Source "ChessBase"]
[SourceQuality "1"]
[TimeControl "40/5400+30:1800+30"]

1. d4 Nf6 2. Bf4 e6 3. Nf3 d5 4. e3 c5 5. c3 Nc6 6. Nbd2 cxd4 7. exd4 Bd6 8. Bg3 O-O 9. Bd3 Re8 10. O-O a6 11. Ne5 Rb8 12. Qc2 h6 13. Ndf3 Bd7 14. Bh4 Be7 15. Rae1 Rc8 16. Bxf6 Bxf6 17. Bh7+ Kf8 18. Re3 Qc7 19. Rfe1 b5 20. h3 Bxe5 21. Nxe5 Nxd4 22. Qd3 Nf5 23. Rf3 Re7 24. g4 Nd6 25. Ng6+ Ke8 26. Nxe7 Kxe7 27. Qd4 f6 28. Qd3 Be8 29. Qe2 Qd7 30. h4 Nc4 31. g5 Bh5 32. Bf5 Ne5 33. Bh3 Nxf3+ 34. Kh1 Nxe1 35. Qxe1 hxg5 36. hxg5 Bf3+ 37. Kg1 Rh8 0-1

[Event "DVM U12W 2021"]
[Site "Willingen"]
[Date "2022.08.13"]
[Round "1"]
[White "Marrufo, Adriana"]
[Black "Mauhs, Helena"]
[Result "0-1"]
[ECO "C50"]
[WhiteElo "942"]
[BlackElo "857"]
[Annotator "NA RC COMBH"]
[PlyCount "108"]
[EventDate "2022.08.12"]
[EventType "team-tourn"]
[EventRounds "7"]
[EventCountry "GER"]
[SourceTitle "playchess.com"]
[Source "ChessBase"]
[SourceQuality "1"]
[TimeControl "40/5400+30:1800+30"]

1. e4 e5 2. Nf3 Nc6 3. Bc4 Bc5 4. Nc3 Nf6 5. d3 h6 6. Be3 d6 7. h3 O-O 8. g4 Re8 9. g5 hxg5 10. Bxg5 Be6 11. Bb3 Qe7 12. Ne2 Bxb3 13. axb3 Qe6 14. Rg1 Rad8 15. Nc3 Rd7 16. Qe2 Nh5 17. Nxe5 Qxe5 18. Qxh5 Qh2 19. O-O-O Bxf2 20. Qg4 Ne5 21. Qg2 Bxg1 22. Rxg1 Qxg2 23. Rxg2 Re6 24. h4 Rg6 25. h5 Re6 26. h6 Rg6 27. Nd5 f6 28. Nxf6+ gxf6 29. Rh2 Rxg5 30. d4 Ng4 31. h7+ Kh8 32. Rh1 Rxh7 33. Rg1 Rh2 34. c3 f5 35. exf5 Rxf5 36. Kb1 Ne3 37. Re1 Rff2 38. Rxe3 Rxb2+ 39. Kc1 Rhc2+ 40. Kd1 Rh2 41. Re8+ Kg7 42. Re7+ Kf6 43. Kc1 Rbg2 44. Re1 Rc2+ 45. Kb1 Rb2+ 46. Ka1 Rbd2 47. Kb1 Ra2 48. Rf1+ Ke6 49. Re1+ Kd5 50. c4+ Kxd4 51. Rd1+ Kc3 52. Rc1+ Kxb3 53. Rd1 Rhb2+ 54. Kc1 Ra1# 0-1

[Event "DVM U12W 2021"]
[Site "Willingen"]
[Date "2022.08.13"]
[Round "1"]
[White "Ramien, Eva"]
[Black "Doberchak, Emily Alice"]
[Result "1-0"]
[ECO "C57"]
[WhiteElo "929"]
[BlackElo "928"]
[Annotator "NA RC COMBH"]
[PlyCount "93"]
[EventDate "2022.08.12"]
[EventType "team-tourn"]
[EventRounds "7"]
[EventCountry "GER"]
[SourceTitle "playchess.com"]
[Source "ChessBase"]
[SourceQuality "1"]
[TimeControl "40/5400+30:1800+30"]

1. e4 e5 2. Nf3 Nc6 3. Bc4 Nf6 4. Ng5 d5 5. Bxd5 Nxd5 6. Nxf7 Kxf7 7. Qf3+ Ke8 8. exd5 Nd4 9. Qd1 Bc5 10. c3 Nb5 11. O-O Nd6 12. Qh5+ Nf7 13. Re1 Kf8 14. Qd1 Qf6 15. Rf1 Bd6 16. d4 exd4 17. cxd4 Qg6 18. Kh1 b6 19. Nc3 Bb7 20. Be3 c6 21. dxc6 Bxc6 22. f3 Qh5 23. h3 Bb8 24. Rg1 Qg6 25. d5 Qd6 26. g3 Bd7 27. Ne4 Qg6 28. Qf1 Qh5 29. Kh2 Be5 30. f4 Bxb2 31. Rb1 Bf6 32. Rd1 Rc8 33. g4 Qg6 34. f5 Bxf5 35. gxf5 Qxf5 36. Qxf5 Rc2+ 37. Rg2 Rc8 38. Qxc8+ Bd8 39. Nd6 Ke7 40. Nxf7 Kxf7 41. Qd7+ Be7 42. Bg5 Re8 43. Re1 h6 44. Rxe7+ Rxe7 45. Qxe7+ Kg8 46. Be3 b5 47. Qxg7# 1-0

[Event "DVM U12W 2021"]
[Site "Willingen"]
[Date "2022.08.13"]
[Round "1"]
[White "Bykov, Sophia"]
[Black "Achilles, Rosa"]
[Result "0-1"]
[ECO "C10"]
[WhiteElo "896"]
[BlackElo "1026"]
[Annotator "NA RC COMBH"]
[PlyCount "62"]
[EventDate "2022.08.12"]
[EventType "team-tourn"]
[EventRounds "7"]
[EventCountry "GER"]
[SourceTitle "playchess.com"]
[Source "ChessBase"]
[SourceQuality "1"]
[TimeControl "40/5400+30:1800+30"]

1. e4 e6 2. Nc3 d5 3. Nf3 c5 4. exd5 exd5 5. d4 c4 6. b3 Bb4 7. bxc4 Bxc3+ 8. Bd2 Bxa1 9. Qxa1 Ne7 10. Bg5 Qd6 11. cxd5 Nxd5 12. c4 Nb4 13. Bd3 Nxd3+ 14. Kf1 O-O 15. c5 Qa6 16. Be7 Re8 17. Bd6 Bg4 18. h3 Bxf3 19. Kg1 Re1+ 20. Kh2 Rxa1 21. Rxa1 Bd5 22. Rd1 Nc6 23. Rd2 Bxa2 24. d5 Ncb4 25. Re2 Bxd5 26. Re3 h6 27. Re7 Qc6 28. h4 Re8 29. Rxe8+ Qxe8 30. f4 Qe4 31. g3 Qg2# 0-1

[Event "DVM U12W 2021"]
[Site "Willingen"]
[Date "2022.08.13"]
[Round "1"]
[White "Grey, Paula"]
[Black "Marrufo, Leandra"]
[Result "1-0"]
[ECO "C44"]
[WhiteElo "854"]
[BlackElo "701"]
[Annotator "NA RC COMBH"]
[PlyCount "37"]
[EventDate "2022.08.12"]
[EventType "team-tourn"]
[EventRounds "7"]
[EventCountry "GER"]
[SourceTitle "playchess.com"]
[Source "ChessBase"]
[SourceQuality "1"]
[TimeControl "40/5400+30:1800+30"]

1. e4 e5 2. Nf3 Nc6 3. c3 d5 4. Qa4 f6 5. Bb5 Nge7 6. d4 dxe4 7. Nfd2 Bf5 8. dxe5 fxe5 9. Nxe4 a6 10. Bxc6+ Nxc6 11. Qc2 Qd5 12. f3 Na5 13. Nd6+ Bxd6 14. Qxf5 Bc5 15. b4 g6 16. Qg4 Qd3 17. bxc5 Qc2 18. Qe6+ Kd8 19. Bg5# 1-0

[Event "DVM U12W 2021"]
[Site "Willingen"]
[Date "2022.08.13"]
[Round "1"]
[White "Guliyeva, Zahra"]
[Black "Sayouf, Rafif"]
[Result "0-1"]
[ECO "C50"]
[WhiteElo "834"]
[BlackElo "1102"]
[Annotator "NA RC COMBH"]
[PlyCount "86"]
[EventDate "2022.08.12"]
[EventType "team-tourn"]
[EventRounds "7"]
[EventCountry "GER"]
[SourceTitle "playchess.com"]
[Source "ChessBase"]
[SourceQuality "1"]
[TimeControl "40/5400+30:1800+30"]

1. e4 e5 2. Nf3 Nc6 3. Bc4 Bc5 4. O-O Nf6 5. Nc3 O-O 6. d3 h6 7. Be3 Bxe3 8. fxe3 d6 9. h3 Bd7 10. Nd5 Nxd5 11. exd5 Na5 12. b3 b5 13. Qd2 Nb7 14. Qb4 a5 15. Qe1 bxc4 16. bxc4 Nc5 17. d4 exd4 18. exd4 Re8 19. Qg3 Ne4 20. Qe1 Ng5 21. Qg3 Nxf3+ 22. Rxf3 Qg5 23. Qf2 Qg6 24. Rf1 f6 25. Rg3 Qf7 26. Rd1 Re7 27. Rdd3 Rae8 28. Rd1 Re2 29. Qf4 g5 30. Qf3 Rxc2 31. c5 dxc5 32. dxc5 Rxc5 33. Qa3 Rxd5 34. Rc1 Bf5 35. Rgc3 Rd7 36. Qxa5 Qd5 37. Rc5 Qd4+ 38. Kh1 Be4 39. Rf1 Qb2 40. Rg1 Rd2 41. Qxc7 Bxg2+ 42. Rxg2 Re1+ 43. Kh2 Rxg2# 0-1

[Event "DVM U12W 2021"]
[Site "Willingen"]
[Date "2022.08.13"]
[Round "1"]
[White "Piffczyk, Sandra"]
[Black "Daaboul, Dima"]
[Result "0-1"]
[ECO "B00"]
[WhiteElo "704"]
[BlackElo "882"]
[Annotator "NA RC COMBH"]
[PlyCount "80"]
[EventDate "2022.08.12"]
[EventType "team-tourn"]
[EventRounds "7"]
[EventCountry "GER"]
[SourceTitle "playchess.com"]
[Source "ChessBase"]
[SourceQuality "1"]
[TimeControl "40/5400+30:1800+30"]

1. e4 b6 2. Nf3 Bb7 3. Nc3 Nf6 4. Bd3 e6 5. O-O Bb4 6. Qe1 O-O 7. a3 Bd6 8. Bb5 Nc6 9. d3 h6 10. Be3 Ne5 11. Nxe5 Bxe5 12. f3 Qe7 13. Bf2 Qd6 14. Bg3 Qc5+ 15. Qf2 Bd4 16. Qxd4 Qxd4+ 17. Bf2 Qe5 18. Bg3 Qg5 19. Ne2 Qxb5 20. Rab1 Qc5+ 21. Bf2 Qxc2 22. Nc3 Ba6 23. Rfe1 Bxd3 24. Bd4 Qb3 25. Rbd1 Qc4 26. Be3 d5 27. exd5 exd5 28. Bf2 Rae8 29. Rxe8 Rxe8 30. h3 d4 31. Ne4 Bxe4 32. fxe4 Rxe4 33. Rf1 Re2 34. Bg3 Qd5 35. Rf3 d3 36. Bf4 Qd4+ 37. Kh2 Qe4 38. Kg3 Nh5+ 39. Kh2 Qxf3 40. Bg3 Qxg2# 0-1

[Event "DVM U12W 2021"]
[Site "Willingen"]
[Date "2022.08.13"]
[Round "2"]
[White "Müller, Cosima"]
[Black "Gerlach, Lorena"]
[Result "1-0"]
[ECO "C11"]
[WhiteElo "1355"]
[BlackElo "1120"]
[Annotator "NA RC COMBH"]
[PlyCount "117"]
[EventDate "2022.08.12"]
[EventType "team-tourn"]
[EventRounds "7"]
[EventCountry "GER"]
[SourceTitle "playchess.com"]
[Source "ChessBase"]
[SourceQuality "1"]
[TimeControl "40/5400+30:1800+30"]

1. e4 e6 2. d4 d5 3. Nc3 Nf6 4. e5 Nfd7 5. Nce2 c5 6. c3 Nc6 7. f4 a6 8. a3 cxd4 9. cxd4 Qc7 10. Nf3 Be7 11. Nc3 O-O 12. Bd3 h6 13. O-O Nb6 14. a4 Nb4 15. a5 Nxd3 16. axb6 Nxb2 17. bxc7 Nxd1 18. Rxd1 Bd7 19. Ba3 Bxa3 20. Rxa3 Rfc8 21. Na4 Rxc7 22. Nb6 Rd8 23. Nxd7 Rdxd7 24. Nd2 Kh7 25. Nb3 Rc3 26. Rda1 Rdc7 27. Nc5 Rc4 28. Rd3 Kg6 29. Rb1 Kf5 30. Nxb7 Kxf4 31. Nc5 a5 32. Rf1+ Kg5 33. Rg3+ Kh5 34. Nb3 a4 35. Nd2 Rc1 36. Ra3 Rxf1+ 37. Kxf1 Ra7 38. Ke2 g5 39. Kd3 Kg6 40. Nb1 f5 41. Nc3 f4 42. Rxa4 Rxa4 43. Nxa4 g4 44. Ke2 Kf5 45. Nc5 h5 46. h3 f3+ 47. Kf2 gxh3 48. gxh3 Kf4 49. Nxe6+ Ke4 50. Ng5+ Kxd4 51. e6 Kc3 52. Nxf3 d4 53. e7 d3 54. e8=Q h4 55. Qc6+ Kb2 56. Ke3 d2 57. Kxd2 Kb3 58. Qc3+ Ka4 59. Qb2 1-0

[Event "DVM U12W 2021"]
[Site "Willingen"]
[Date "2022.08.13"]
[Round "2"]
[White "Ramakrishnan, Veda"]
[Black "Mehner, Clara"]
[Result "0-1"]
[ECO "C01"]
[WhiteElo "1333"]
[BlackElo "1150"]
[Annotator "NA RC COMBH"]
[PlyCount "46"]
[EventDate "2022.08.12"]
[EventType "team-tourn"]
[EventRounds "7"]
[EventCountry "GER"]
[SourceTitle "playchess.com"]
[Source "ChessBase"]
[SourceQuality "1"]
[TimeControl "40/5400+30:1800+30"]

1. e4 e6 2. d4 d5 3. exd5 exd5 4. Bf4 Bd6 5. Bxd6 Qxd6 6. Nc3 Bf5 7. Bd3 Ne7 8. Nf3 Qe6+ 9. Qe2 Bxd3 10. Qxe6 fxe6 11. cxd3 O-O 12. O-O Nbc6 13. Rfe1 Rf6 14. Nb5 Rc8 15. Ne5 a6 16. Nc3 Nxd4 17. Rac1 Ng6 18. Nd7 Rf5 19. Nc5 Nf4 20. Rcd1 Rg5 21. Kh1 Rxg2 22. Nxe6 Nf3 23. Nxf4 Rxh2# 0-1